[Event "IV Muhamedzjanov Memorial "]
[Site "Naberezhnye Chelny"]
[Date "2007.06.15"]
[Round "6"]
[White "Zubarev, Alexander"]
[Black "Mingachev, Mansur"]
[Result "1-0"]
[ECO "D76"]
[WhiteElo "2511"]
[BlackElo "2402"]
[PlyCount "87"]
[TimeControl "300"]

{48MB, Shredder9.ctg, COMPUTER} 1. d4 Nf6 2. Nf3 g6 3. c4 Bg7 4. g3 d5 5. cxd5
Nxd5 6. Bg2 O-O 7. O-O Nb6 8. Nc3 Nc6 9. e3 Re8 10. Re1 e5 11. d5 Na5 12. e4 c6
13. b3 cxd5 14. exd5 e4 15. Nxe4 Nxd5 16. Bg5 f6 17. Bd2 Nc6 18. Rc1 Bg4 19.
Nc5 Qb6 20. h3 Bxf3 21. Qxf3 Ndb4 22. a3 Rxe1+ 23. Bxe1 Nd4 24. Qxb7 Re8 25.
Kf1 Nbc2 26. Bd5+ Kh8 27. Qxb6 axb6 28. Ne6 Nxe1 29. Nxd4 Nd3 30. Rd1 Rd8 31.
Rxd3 Rxd5 32. Ke2 Bf8 33. b4 Rd8 34. Nb5 Re8+ 35. Re3 Rb8 36. Kd3 Kg8 37. Re2
Kf7 38. Kc4 Rd8 39. Nd4 Ra8 40. Re3 Bh6 41. f4 g5 42. Nf5 Bf8 43. fxg5 fxg5 44.
Kd5 1-0

[Event "IV Muhamedzjanov Memorial "]
[Site "Naberezhnye Chelny"]
[Date "2007.06.15"]
[Round "7"]
[White "Kupreichik, Viktor"]
[Black "Balashov, Yuri"]
[Result "1/2-1/2"]
[ECO "D41"]
[WhiteElo "2402"]
[BlackElo "2467"]
[PlyCount "22"]
[TimeControl "300"]

{48MB, Shredder9.ctg, COMPUTER} 1. c4 c5 2. Nf3 Nc6 3. Nc3 Nf6 4. g3 d5 5. cxd5
Nxd5 6. Bg2 e6 7. O-O Be7 8. d4 O-O 9. Nxd5 exd5 10. dxc5 Bxc5 11. Bg5 Qd7
1/2-1/2

[Event "IV Muhamedzjanov Memorial "]
[Site "Naberezhnye Chelny"]
[Date "2007.06.15"]
[Round "7"]
[White "Mingachev, Mansur"]
[Black "Alavkin, Arseny"]
[Result "1/2-1/2"]
[ECO "D13"]
[WhiteElo "2402"]
[BlackElo "2493"]
[PlyCount "93"]
[TimeControl "300"]

{48MB, Shredder9.ctg, COMPUTER} 1. d4 d5 2. c4 c6 3. cxd5 cxd5 4. Nc3 Nf6 5.
Nf3 Nc6 6. Bg5 Qb6 7. Qb3 Qxb3 8. axb3 e6 9. Bxf6 gxf6 10. e3 Bd7 11. Kd2 Bd6
12. Bb5 Ke7 13. Ne1 Rhg8 14. g3 a6 15. Be2 Nb4 16. Nd3 Rac8 17. Nxb4 Bxb4 18.
Rhc1 Rc6 19. Kd1 Rgc8 20. Na2 Bd6 21. Rxc6 Rxc6 22. Rc1 Rb6 23. Kc2 f5 24. Nc3
Rc6 25. Kd1 Rb6 26. Kc2 Be8 27. Bd3 Rc6 28. Kd1 Bb4 29. Na2 Ba5 30. Rxc6 Bxc6
31. Nc3 Kf6 32. f4 Ke7 33. Kc2 Kd6 34. Be2 f6 35. Bd3 Be8 36. Be2 Bg6 37. Bf3
Be8 38. Be2 Bd7 39. Bd3 Bb6 40. Be2 Ba7 41. Bf1 e5 42. Kd3 b5 43. b4 Ke6 44.
Na2 Bb6 45. Kc3 Kd6 46. Nc1 e4 47. Nb3 1/2-1/2

[Event "IV Muhamedzjanov Memorial "]
[Site "Naberezhnye Chelny"]
[Date "2007.06.15"]
[Round "7"]
[White "Vorontsov, Nickolay"]
[Black "Zubarev, Alexander"]
[Result "1/2-1/2"]
[ECO "B33"]
[WhiteElo "2300"]
[BlackElo "2511"]
[PlyCount "66"]
[TimeControl "300"]

{48MB, Shredder9.ctg, COMPUTER} 1. e4 c5 2. Nf3 Nc6 3. d4 cxd4 4. Nxd4 Qb6 5.
Nb3 Nf6 6. Nc3 e6 7. a3 Be7 8. Bf4 O-O 9. e5 Ne8 10. Bd3 f6 11. exf6 Nxf6 12.
O-O d5 13. Qd2 e5 14. Bg5 Be6 15. Na4 Qc7 16. Nac5 Bf7 17. Bf5 Bxc5 18. Bxf6
Bb6 19. Bh4 e4 20. Bg3 Qe7 21. c3 Rad8 22. Bg4 h5 23. Bd1 g5 24. h4 e3 25. Qd3
gxh4 26. Bc2 Qe4 27. Bxh4 Qxd3 28. Bxd3 d4 29. Bxd8 Rxd8 30. Nxd4 Nxd4 31. cxd4
Rxd4 32. Rad1 exf2+ 33. Rxf2 Rf4 1/2-1/2

[Event "IV Muhamedzjanov Memorial "]
[Site "Naberezhnye Chelny"]
[Date "2007.06.15"]
[Round "7"]
[White "Markosian, David"]
[Black "Akhmadeev, Vadim"]
[Result "1-0"]
[ECO "B88"]
[WhiteElo "2352"]
[BlackElo "2351"]
[PlyCount "83"]
[TimeControl "300"]

{48MB, Shredder9.ctg, COMPUTER} 1. e4 c5 2. Nf3 d6 3. d4 cxd4 4. Nxd4 Nf6 5.
Nc3 Nc6 6. Bc4 e6 7. Bb3 Be7 8. Be3 O-O 9. O-O a6 10. f4 Nxd4 11. Bxd4 b5 12.
e5 dxe5 13. fxe5 Nd7 14. Ne4 Bb7 15. Qg4 Bxe4 16. Qxe4 Nc5 17. Qe3 Nxb3 18.
axb3 Qc7 19. c3 Qb7 20. b4 Rfd8 21. Rf3 Bf8 22. Raf1 Rd7 23. Rg3 g6 24. Bc5 Bg7
25. Bd6 Rc8 26. h4 h5 27. Rgf3 Rc4 28. Qf2 Qa7 29. g3 Qxf2+ 30. Kxf2 Re4 31.
Re3 Rxe3 32. Kxe3 Ra7 33. b3 Bf8 34. c4 f5 35. Ra1 bxc4 36. bxc4 Bh6+ 37. Kd3
f4 38. gxf4 Bxf4 39. b5 a5 40. b6 Rd7 41. Ke4 Bd2 42. c5 1-0

[Event "IV Muhamedzjanov Memorial "]
[Site "Naberezhnye Chelny"]
[Date "2007.06.15"]
[Round "7"]
[White "Andreev, Eduard"]
[Black "Zhidkov, Valery"]
[Result "0-1"]
[ECO "C45"]
[WhiteElo "2433"]
[BlackElo "2351"]
[PlyCount "120"]
[TimeControl "300"]

{48MB, Shredder9.ctg, COMPUTER} 1. e4 e5 2. Nf3 Nc6 3. d4 exd4 4. Nxd4 Bc5 5.
Nxc6 Qf6 6. Qf3 dxc6 7. Nd2 Be6 8. Nb3 Bb6 9. Qg3 O-O-O 10. Bd3 Qg6 11. Qxg6
hxg6 12. Ke2 Nf6 13. Be3 Rhe8 14. f3 Nd7 15. Nd4 Bxd4 16. Bxd4 c5 17. Bxg7 c4
18. Ke3 cxd3 19. cxd3 f6 20. d4 Rg8 21. Bh6 g5 22. h4 Rg6 23. hxg5 fxg5 24. d5
Bf7 25. f4 Re8 26. Kd4 Nf6 27. e5 Nxd5 28. Bxg5 Rb6 29. Ke4 Rxb2 30. g4 Rb4+
31. Kf3 Nc3 32. Rad1 Bd5+ 33. Rxd5 Nxd5 34. Rh6 b6 35. Kg3 Re4 36. Kf3 Ra4 37.
Rg6 Kd7 38. Rg7+ Ke6 39. Rg6+ Kf7 40. Rh6 Kg7 41. Rc6 Kf7 42. Rh6 Rc4 43. Rh7+
Kg6 44. Rh5 Kg7 45. Bh6+ Kf7 46. Bg5 b5 47. Rh7+ Kg8 48. Rh6 Kg7 49. Ra6 Kf7
50. Rh6 Rg8 51. e6+ Ke8 52. Rh7 Rxg5 53. fxg5 Nf4 54. e7 Ng6 55. Rg7 Ne5+ 56.
Kg3 Rxg4+ 57. Kh3 b4 58. Rg8+ Kxe7 59. Ra8 Rxg5 60. Rxa7 Kd6 0-1

[Event "IV Muhamedzjanov Memorial "]
[Site "Naberezhnye Chelny"]
[Date "2007.06.17"]
[Round "8"]
[White "Zubarev, Alezander"]
[Black "Markosian, David"]
[Result "0-1"]
[ECO "E99"]
[WhiteElo "2511"]
[BlackElo "2352"]
[PlyCount "68"]
[TimeControl "300"]

{48MB, Shredder9.ctg, COMPUTER} 1. d4 Nf6 2. Nf3 g6 3. c4 Bg7 4. Nc3 O-O 5. e4
d6 6. Be2 e5 7. O-O Nc6 8. d5 Ne7 9. Ne1 Nd7 10. Be3 f5 11. f3 f4 12. Bf2 g5
13. Nd3 Nf6 14. c5 h5 15. a4 Ng6 16. cxd6 cxd6 17. a5 g4 18. Nb5 g3 19. Bxa7
Nh7 20. h3 Qh4 21. Bb6 Bxh3 22. gxh3 Qxh3 23. Rf2 Nh4 24. Qf1 gxf2+ 25. Nxf2
Qg3+ 26. Kh1 Ng5 27. Qg1 Ngxf3 28. Bxf3 Qxf3+ 29. Kh2 Rf6 30. Ra3 Qxa3 31. Nxa3
Nf3+ 32. Kg2 Nxg1 33. Kxg1 Rc8 34. Nd3 Rg6+ 0-1

[Event "IV Muhamedzjanov Memorial "]
[Site "Naberezhnye Chelny"]
[Date "2007.06.17"]
[Round "8"]
[White "Balashov, Yuri"]
[Black "Mingachev, Mansur"]
[Result "1/2-1/2"]
[ECO "D03"]
[WhiteElo "2467"]
[BlackElo "2402"]
[PlyCount "65"]
[TimeControl "300"]

{48MB, Shredder9.ctg, COMPUTER} 1. d4 Nf6 2. Nf3 g6 3. Bg5 Bg7 4. c3 O-O 5.
Nbd2 d5 6. e3 b6 7. b4 c5 8. Be2 Nbd7 9. O-O Bb7 10. h3 c4 11. Bf4 b5 12. a4 a6
13. Ne5 Nxe5 14. Bxe5 Ne4 15. Nxe4 dxe4 16. Bxg7 Kxg7 17. f4 exf3 18. Bxf3 Qc7
19. Rf2 e5 20. Bxb7 Qxb7 21. dxe5 Rad8 22. Rd2 Rxd2 23. Qxd2 Re8 24. axb5 axb5
25. Qd4 Re6 26. Ra7 Qb8 27. Rd7 Qxe5 28. Rd5 Qxd4 29. exd4 Re3 30. Rxb5 Rxc3
31. Rc5 Rc2 32. g4 Kf6 33. h4 1/2-1/2

[Event "IV Muhamedzjanov Memorial "]
[Site "Naberezhnye Chelny"]
[Date "2007.06.17"]
[Round "8"]
[White "Alavkin, Arseny"]
[Black "Vorontsov, Nickolay"]
[Result "1/2-1/2"]
[ECO "B19"]
[WhiteElo "2493"]
[BlackElo "2300"]
[PlyCount "55"]
[TimeControl "300"]

{48MB, Shredder9.ctg, COMPUTER} 1. e4 c6 2. d4 d5 3. Nd2 dxe4 4. Nxe4 Bf5 5.
Ng3 Bg6 6. Nf3 Nd7 7. h4 h6 8. h5 Bh7 9. Bd3 Bxd3 10. Qxd3 Ngf6 11. Bf4 Qa5+
12. Bd2 Qc7 13. O-O-O e6 14. Qe2 O-O-O 15. Ne5 Nb6 16. c4 c5 17. Bf4 Bd6 18.
dxc5 Qxc5 19. Kb1 Bxe5 20. Bxe5 Rxd1+ 21. Rxd1 Rd8 22. Rxd8+ Kxd8 23. Bxf6+
gxf6 24. Qd2+ Nd7 25. Ne4 Qxc4 26. Nxf6 Qf1+ 27. Kc2 Qc4+ 28. Kb1 1/2-1/2

[Event "IV Muhamedzjanov Memorial "]
[Site "Naberezhnye Chelny"]
[Date "2007.06.17"]
[Round "8"]
[White "Andreev, Eduard"]
[Black "Kupreichik, Viktor"]
[Result "1/2-1/2"]
[ECO "C92"]
[WhiteElo "2433"]
[BlackElo "2402"]
[PlyCount "29"]
[TimeControl "300"]

{48MB, Shredder9.ctg, COMPUTER} 1. e4 e5 2. Nf3 Nc6 3. Bb5 a6 4. Ba4 Nf6 5. O-O
Be7 6. Re1 b5 7. Bb3 O-O 8. c3 d6 9. h3 Be6 10. d3 Qd7 11. Nbd2 Bxb3 12. Qxb3
Rfe8 13. Nf1 Bf8 14. Ng3 Qe6 15. Qxe6 1/2-1/2

[Event "IV Muhamedzjanov Memorial "]
[Site "Naberezhnye Chelny"]
[Date "2007.06.17"]
[Round "8"]
[White "Zhidkov, Valery"]
[Black "Akhmadeev, Vadim"]
[Result "1-0"]
[ECO "D02"]
[WhiteElo "2351"]
[BlackElo "2430"]
[PlyCount "175"]
[TimeControl "300"]

{48MB, Shredder9.ctg, COMPUTER} 1. Nf3 d5 2. d4 Nf6 3. g3 c6 4. Bg2 Bf5 5. c3
e6 6. Bf4 Nbd7 7. Qb3 Qb6 8. Nbd2 h6 9. h3 Be7 10. Ne5 Nxe5 11. Bxe5 O-O 12.
O-O Rac8 13. Kh2 Bg6 14. Qxb6 axb6 15. Rae1 Nd7 16. Bf4 Ra8 17. a3 b5 18. e4
Rfe8 19. Nb3 Bxe4 20. Bxe4 dxe4 21. Rxe4 Nb6 22. Rfe1 Nc4 23. Bc1 Bd6 24. Nd2
Red8 25. Nxc4 bxc4 26. Bf4 Bxf4 27. Rxf4 Rd5 28. Re5 Raa5 29. Rfe4 Rab5 30.
Rxd5 cxd5 31. Re2 Kf8 32. f4 f5 33. g4 fxg4 34. hxg4 Kf7 35. Kg3 Kf6 36. Rh2
Rb6 37. Kf3 Rc6 38. Re2 Rd6 39. Re5 Rb6 40. Re2 Ke7 41. Rh2 Ra6 42. Re2 Kd6 43.
f5 exf5 44. gxf5 Kd7 45. Rg2 Ke7 46. Rxg7+ Kf6 47. Rxb7 Kxf5 48. Rb5 Ke6 49.
Kf4 Kd6 50. Kf5 Kc6 51. Rb4 Kc7 52. Rb5 Kc6 53. Rc5+ Kd6 54. Rb5 Kc6 55. Rb4
Kc7 56. Rb5 Kc6 57. Rb8 Kc7 58. Rh8 Rd6 59. Ke5 h5 60. Rxh5 Rd8 61. Rh6 Rd7 62.
a4 Rd8 63. a5 Rd7 64. Rb6 Rd8 65. Rb5 Kc6 66. Rc5+ Kb7 67. Rxd5 Re8+ 68. Kd6
Ka6 69. Kc5 Rb8 70. Kxc4 Rxb2 71. Rh5 Rc2 72. Kd3 Rc1 73. c4 Re1 74. Rc5 Rh1
75. d5 Rh3+ 76. Kd4 Rh4+ 77. Kc3 Rh3+ 78. Kb4 Rg3 79. Rc6+ Kb7 80. a6+ Ka7 81.
d6 Rd3 82. Kb5 Rb3+ 83. Kc5 Rd3 84. Rb6 Rh3 85. Rb1 Rd3 86. Kc6 Rd4 87. c5 Rd2
88. d7 1-0

[Event "IV Muhamedzjanov Memorial "]
[Site "Naberezhnye Chelny"]
[Date "2007.06.18"]
[Round "9"]
[White "Kupreichik, Viktor"]
[Black "Zhidkov, Valery"]
[Result "1/2-1/2"]
[ECO "C42"]
[WhiteElo "2402"]
[BlackElo "2351"]
[PlyCount "31"]
[TimeControl "300"]

{48MB, Shredder9.ctg, COMPUTER} 1. e4 e5 2. Nf3 Nf6 3. Nxe5 d6 4. Nf3 Nxe4 5.
Qe2 Qe7 6. Nc3 Nxc3 7. dxc3 Qxe2+ 8. Bxe2 Be7 9. Be3 O-O 10. O-O-O Nc6 11. Nd4
Nxd4 12. cxd4 c6 13. a4 d5 14. Bf4 Re8 15. Bf3 Bd7 16. Rhe1 1/2-1/2

[Event "IV Muhamedzjanov Memorial "]
[Site "Naberezhnye Chelny"]
[Date "2007.06.18"]
[Round "9"]
[White "Mingachev, Mansur"]
[Black "Andreev, Eduard"]
[Result "1/2-1/2"]
[ECO "A46"]
[WhiteElo "2402"]
[BlackElo "2433"]
[PlyCount "22"]
[TimeControl "300"]

{48MB, Shredder9.ctg, COMPUTER} 1. d4 e6 2. Nf3 Nf6 3. g3 b5 4. Bg2 Bb7 5. O-O
d5 6. b3 Nbd7 7. Nbd2 b4 8. Bb2 Be7 9. c4 bxc3 10. Bxc3 c5 11. Rc1 Rc8 1/2-1/2

[Event "IV Muhamedzjanov Memorial "]
[Site "Naberezhnye Chelny"]
[Date "2007.06.18"]
[Round "9"]
[White "Vorontsov, Nickolay"]
[Black "Balashov, Yuri"]
[Result "1/2-1/2"]
[ECO "C50"]
[WhiteElo "2467"]
[BlackElo "2300"]
[PlyCount "24"]
[TimeControl "300"]

{48MB, Shredder9.ctg, COMPUTER} 1. e4 e5 2. Nf3 Nc6 3. Bc4 Nf6 4. d3 Bc5 5. Nc3
d6 6. Be3 Bxe3 7. fxe3 Be6 8. Bb3 Qd7 9. O-O O-O-O 10. d4 Bxb3 11. axb3 exd4
12. exd4 d5 1/2-1/2

[Event "IV Muhamedzjanov Memorial "]
[Site "Naberezhnye Chelny"]
[Date "2007.06.18"]
[Round "9"]
[White "Markosian, David"]
[Black "Alavkin, Arseny"]
[Result "1-0"]
[ECO "D45"]
[WhiteElo "2352"]
[BlackElo "2493"]
[PlyCount "49"]
[TimeControl "300"]

{48MB, Shredder9.ctg, COMPUTER} 1. d4 d5 2. c4 c6 3. Nc3 Nf6 4. e3 e6 5. Nf3
Nbd7 6. Qc2 Bd6 7. Bd2 O-O 8. O-O-O b6 9. e4 dxe4 10. Nxe4 Nxe4 11. Qxe4 Bb7
12. Bd3 Nf6 13. Qh4 Be7 14. Bc3 h6 15. Qf4 Qb8 16. Qe3 c5 17. Kb1 Bxf3 18. gxf3
Bd6 19. dxc5 Bf4 20. Qe2 e5 21. c6 Qc7 22. Be4 Nxe4 23. Qxe4 Rfc8 24. Rd7 Qxc6
25. Rd8+ 1-0

[Event "IV Muhamedzjanov Memorial "]
[Site "Naberezhnye Chelny"]
[Date "2007.06.18"]
[Round "9"]
[White "Akhmadeev, Vadim"]
[Black "Zubarev, Alexander"]
[Result "1/2-1/2"]
[ECO "E36"]
[WhiteElo "2430"]
[BlackElo "2511"]
[PlyCount "94"]
[TimeControl "300"]

{48MB, Shredder9.ctg, COMPUTER} 1. d4 Nf6 2. c4 e6 3. Nc3 Bb4 4. Qc2 d5 5. a3
Bxc3+ 6. Qxc3 c5 7. dxc5 d4 8. Qc2 Nc6 9. b4 e5 10. e4 dxe3 11. Bxe3 a5 12. b5
Nd4 13. Qb2 O-O 14. O-O-O Qe7 15. Nf3 Bg4 16. h3 Bxf3 17. gxf3 Nf5 18. Bg5 Rac8
19. Bd3 Nd4 20. f4 Qxc5 21. fxe5 Qxe5 22. Bxf6 Qxf6 23. Qxd4 Qxd4 24. Bxh7+
Kxh7 25. Rxd4 Rc5 26. Kb2 Rf5 27. f4 Re8 28. Rc1 b6 29. Kb3 Re2 30. Rc3 Re6 31.
c5 bxc5 32. Rdc4 Re8 33. Ka4 Rc8 34. Kxa5 Ra8+ 35. Kb6 Rb8+ 36. Kc6 Rf6+ 37.
Kxc5 Rf5+ 38. Kd6 Rf6+ 39. Ke5 Rxb5+ 40. Rc5 Rb1 41. Rf3 Re6+ 42. Kd5 Rd1+ 43.
Kc4 Rc1+ 44. Kb5 Rb1+ 45. Ka5 Re8 46. Rc6 Ra8+ 47. Ra6 Rd8 1/2-1/2